 Dungeon Crawl Stone Soup version 0.25.1-2-g60ff931df9 (webtiles) character file.

Game seed: 15492407632499870703

5403 Tauromancer the Thaumaturge (level 10, 0/80 HPs)
             Began as a Mummy Wizard on Sept 29, 2020.
             Was an Initiate of Gozag.
             Slain by a gargoyle
             ... wielding a +0 vorpal mace
              (7 damage)
             ... on level 11 of the Dungeon on Oct 5, 2020.
             The game lasted 02:10:39 (13998 turns).

Tauromancer the Thaumaturge (Mummy Wizard)         Turns: 13998, Time: 02:10:40

Health: 0/80       AC:  4    Str: 10    XL:     10   Next: 40%
Magic:  13/31      EV: 12    Int: 28    God:    Gozag
Gold:   730        SH:  0    Dex: 11    Spells: 14/25 levels left

rFire    . . .     SeeInvis .   a - staff of air
rCold    + . .     Gourm    .   (no shield)
rNeg     + + +     Faith    .   j - +2 robe
rPois    ∞         Spirit   .   b - +0 hat
rElec    +         Reflect  .   n - scarf {+Inv}
rCorr    .         Harm     .   (no gloves)
MR       +....                  (no boots)
Stlth    ++........             (no amulet)
HPRegen  0.23/turn              k - ring of magical power
MPRegen  0.22/turn              s - ring of Ipeem {rF+ rN+ Int+7 Slay-2}

@: about to teleport
A: no food or potions, fire vulnerability, cold resistance 1, negative energy
resistance 3, torment resistance, unbreathing
a: Potion Petition, Call Merchant, Bribe Branch, Renounce Religion, Evoke
Invisibility


You were on level 11 of the Dungeon.
You worshipped Gozag.
Gozag was pleased with you.
You were not hungry.

You visited 1 branch of the dungeon, and saw 11 of its levels.

You collected 1977 gold pieces.
You spent 595 gold pieces at shops.
You paid 652 gold pieces to Gozag.

Inventory:

Hand Weapons
 f - a +3 whip
Armour
 b - a +0 hat (worn)
 j - a +2 robe (worn)
 n - a scarf of invisibility (worn)
Magical Staves
 a - an uncursed staff of air (weapon)
Jewellery
 i - a +4 ring of protection
 k - a ring of magical power (left hand)
 q - a +6 ring of strength
 s - the ring of Ipeem (right hand) {rF+ rN+ Int+7 Slay-2}
   (You bought it in a shop on level 8 of the Dungeon)

   [ring of protection from fire]

   It affects your intelligence (+7).
   It affects your accuracy and damage with ranged weapons and melee attacks
   (-2).
   It protects you from fire.
   It protects you from negative energy.
Wands
 g - a wand of digging (12)
 m - a wand of acid (2)
Scrolls
 c - 4 scrolls of identify
 d - a scroll of remove curse
 e - 3 scrolls of fear
 h - 4 scrolls of teleportation
 l - a scroll of torment
 o - a scroll of enchant armour
 p - a scroll of magic mapping
 t - a scroll of fog


   Skills:
 + Level 7.6 Fighting
 - Level 1.2(2.8) Maces & Flails
 - Level 4.0(4.1) Staves
 - Level 1.5 Dodging
 - Level 1.5 Stealth
 - Level 8.1 Spellcasting
 - Level 4.3 Conjurations
 + Level 4.2 Summonings
 - Level 2.0 Translocations
 + Level 3.9 Air Magic
 - Level 2.0 Poison Magic
 + Level 4.0 Evocations


You had 14 spell levels left.
You knew the following spells:

 Your Spells              Type           Power        Failure   Level  Hunger
a - Magic Dart            Conj           ####         1%          1    N/A
b - Call Imp              Summ           #####...     1%          2    N/A
c - Blink                 Tloc           N/A          3%          2    N/A
d - Mephitic Cloud        Conj/Pois/Air  #####...     3%          3    N/A
e - Stone Arrow           Conj/Erth      ###...       6%          3    N/A

Your spell library contained the following spells:

 Spells                   Type           Power        Failure   Level  Hunger
 Sandblast                Erth           ##....       4%          1    N/A
 Conjure Flame            Conj/Fire      ###.....     6%          3    N/A
 Passwall                 Tmut/Erth      ##......     8%          2    N/A
 Slow                     Hex            ##......     8%          2    N/A
 Petrify                  Tmut/Erth      ##......     43%         4    N/A
 Lee's Rapid Deconstruct  Erth           ##........   80%         5    N/A

Dungeon Overview and Level Annotations

Branches:
Dungeon (11/15)            Temple (0/1) D:5            Lair (0/6) D:10
    Orc: D:9-12

Altars:
Ashenzari
Elyvilon
Fedhas
Gozag
Kikubaaqudgha
Okawaru
Sif Muna
Trog
Uskayaw
Zin
The Shining One

Shops:
D:8 =   D:9 :   D:10 }

Annotations:
D:3 Sigmund
D:4 Edmund, Menkaure


Innate Abilities, Weirdness & Mutations

You do not eat or drink.
Your flesh is vulnerable to fire.
You are immune to poison.
Your flesh is cold resistant. (rC+)
You are immune to negative energy. (rN+++)
You are immune to unholy pain and torment.
You can survive without breathing.


Message History

* * * LOW HITPOINT WARNING * * *
The yak barely misses you.
Casting: Mephitic Cloud (mildly dangerous; 3% risk of failure)
Confirm with . or Enter, or press ? or * to list all spells.
You blink.
Your white imp gestures at the yak.
The puff of frost hits the yak!
The yak barely misses you.
As you read the scroll of teleportation, it crumbles to dust.
You feel strangely unstable. The yak gores you.
* * * LOW HITPOINT WARNING * * *
The yak gores you!
* * * LOW HITPOINT WARNING * * *
The yak gores your white imp!!
Your white imp is killed!
Casting: Blink (safe; 3% risk of failure)
Confirm with . or Enter, or press ? or * to list all spells.
You blink.
The gargoyle hits you with a +0 vorpal mace!
You die...
Your body crumbles into a pile of gold.

Z# #5.# .# #..# 9# #5.#
.# #9.# .# #..#
.#*****#############..#
..,,,,,.......§.......#
...,,,,........Y.Y5...#
...,,,,.......Y9@..Y..#
....,,,.(.....o.......#
,,,,,,,.<.............#
,,,,,,,.......(.......#
,,,,,,,....o..........#
,,,,,,,...o...........#
,,,,,,,...............#
*******##############.#
*,*


You could see 4 yaks, a gargoyle, 3 orc priests and a friendly crimson imp
(summoned).

Vanquished Creatures
  A tengu conjurer (D:10)
  A troll (D:9)
  Grinder (D:4)
  Prince Ribbit (D:7)
  2 hippogriffs
  2 yaks (D:9)
  A porcupine (D:10)
  A hornet zombie (D:8)
  A black bear (D:10)
  3 sky beasts
  3 orc warriors
  2 phantoms
  5 ice beasts
  2 ogres
  5 bullfrogs
  3 wyvern skeletons
  3 scorpions
  3 killer bees (D:8)
  6 wights (D:6)
  A howler monkey (D:9)
  A wyvern simulacrum (D:9)
  2 bullfrog zombies
  A jelly (D:9)
  3 centaur skeletons
  7 orc wizards
  3 orc priests
  2 iguanas
  2 worker ants (D:6)
  2 hound skeletons
  3 howler monkey skeletons
  5 gnolls
  8 adders
  3 shadow imps
  A white imp (D:9)
  An ooze (D:1)
  2 adder skeletons
  A worm (D:3)
  A dart slug (D:2)
  6 leopard geckos
  36 orcs
  2 ball pythons
  6 bats
  8 goblins
  4 hobgoblins
  4 jackals
  10 kobolds
  2 quokkas
  4 frilled lizards
  A giant cockroach zombie (D:5)
  A quokka skeleton (D:4)
  2 rats
181 creatures vanquished.

Vanquished Creatures (collateral kills)
  An orc warrior (D:7)
  2 necrophages (D:9)
  3 ogres
  2 big kobolds
  4 bullfrogs
  2 scorpions
  3 killer bees (D:8)
  2 wights (D:6)
  3 howler monkeys
  A centaur zombie (D:9)
  A bullfrog zombie (D:5)
  2 jellies
  A hound (D:4)
  2 orc wizards (D:8)
  An orc priest (D:7)
  Jessica (D:3)
  3 iguanas
  4 worker ants
  An adder (D:3)
  An ufetubus (D:9)
  2 adder skeletons
  A dart slug (D:1)
  17 orcs
  A giant cockroach (D:8)
  3 jackals (D:4)
  A quokka (D:5)
  A jackal skeleton (D:8)
  5 kobolds
71 creatures vanquished.

Vanquished Creatures (others)
  6 fungi
  A plant (D:6)
7 creatures vanquished.

Grand Total: 259 creatures vanquished

Notes
Turn   | Place    | Note
-------+----------+-------------------------------------------
     0 | D:1      | Tauromancer the Mummy Wizard began the quest for the Orb.
     0 | D:1      | Reached XP level 1. HP: 13/13 MP: 5/5
   352 | D:1      | Reached XP level 2. HP: 18/20 MP: 0/7
   419 | D:1      | Learned a level 2 spell: Call Imp
   422 | D:1      | Learned a level 2 spell: Blink
   485 | D:1      | Reached skill level 1 in Conjurations
   735 | D:1      | Reached skill level 1 in Fighting
  1257 | D:2      | Found a bloodstained altar of Trog.
  1402 | D:2      | Found a glowing golden altar of the Shining One.
  1586 | D:2      | Reached XP level 3. HP: 25/26 MP: 0/9
  1911 | D:3      | Noticed Sigmund
  1958 | D:3      | Noticed Jessica
  1962 | D:3      | Killed Jessica
  1962 | D:3      | Reached skill level 1 in Maces & Flails
  2182 | D:4      | Reached XP level 4. HP: 29/32 MP: 10/10
  2219 | D:4      | Reached skill level 1 in Summonings
  2219 | D:4      | Reached skill level 1 in Translocations
  2254 | D:4      | Noticed Edmund
  2546 | D:3      | Learned a level 3 spell: Mephitic Cloud
  2961 | D:4      | Noticed an ogre
  3019 | D:4      | Reached XP level 5. HP: 21/38 MP: 1/12
  3168 | D:4      | Noticed Menkaure
  3553 | D:3      | Reached skill level 5 in Spellcasting
  3694 | D:4      | Noticed Grinder
  3748 | D:4      | Paralysed by Grinder for 2 turns
  3767 | D:4      | Paralysed by Grinder for 5 turns
  3777 | D:4      | Paralysed by Grinder for 3 turns
  3791 | D:4      | Killed Grinder
  3791 | D:4      | Reached XP level 6. HP: 8/46 MP: 0/14
  4058 | D:4      | Found an opulent altar of Gozag.
  4066 | D:4      | Became a worshipper of Gozag Ym Sagoz the Greedy
  4320 | D:4      | Found an ancient bone altar of Kikubaaqudgha.
  4546 | D:5      | Entered Level 5 of the Dungeon
  4553 | D:5      | Reached XP level 7. HP: 49/52 MP: 13/15
  4600 | D:5      | Reached skill level 1 in Poison Magic
  4616 | D:5      | Reached skill level 1 in Air Magic
  4648 | D:5      | Found a staircase to the Ecumenical Temple.
  4988 | D:5      | Reached skill level 6 in Spellcasting
  5016 | D:5      | Found a hide-covered altar of Uskayaw.
  5016 | D:5      | Found a glowing silver altar of Zin.
  6276 | D:6      | Reached XP level 8. HP: 36/60 MP: 0/17
  6500 | D:6      | Found a blossoming altar of Fedhas.
  7207 | D:6      | Reached skill level 7 in Spellcasting
  7245 | D:6      | Found a white marble altar of Elyvilon.
  7263 | D:6      | Found a shattered altar of Ashenzari.
  7755 | D:7      | Noticed Prince Ribbit
  7765 | D:7      | Killed Prince Ribbit
  7936 | D:7      | Reached skill level 5 in Fighting
  8285 | D:7      | Reached skill level 1 in Staves
  8406 | D:7      | Reached XP level 9. HP: 68/68 MP: 20/20
  9526 | D:8      | Reached skill level 8 in Spellcasting
  9703 | D:8      | Learned a level 3 spell: Stone Arrow
 10156 | D:8      | Reached skill level 1 in Evocations
 10793 | D:9      | Noticed a troll
 11182 | D:9      | Found Zuchutwo's Book Shoppe.
 11499 | D:9      | Killed a troll
 11855 | D:9      | Found an iron altar of Okawaru.
 12010 | D:9      | Reached XP level 10. HP: 79/79 MP: 22/22
 12153 | D:8      | Bought the ring of Ipeem {rF+ rN+ Int+7 Slay-2} for 595
                  | gold pieces
 12565 | D:9      | Found a shimmering blue altar of Sif Muna.
 12621 | D:10     | Entered Level 10 of the Dungeon
 13334 | D:10     | Found Goarem's Gadget Emporium.
 13552 | D:10     | Found a staircase to the Lair.
 13770 | D:10     | You fall into a shaft and drop 1 floor!
 13939 | D:11     | Noticed a gargoyle
 13998 | D:11     | Slain by a gargoyle

Illustrated notes

Levels and vault maps discovered:
D:1:      scummos_arrival_hexagon, layout_basic, minmay_misc_feat_secret_circle
D:2:      layout_rooms, bloody_trog, overflow_temple_1_default
D:3:      layout_basic, first_ration, minivault_4, uniq_jessica, uniq_sigmund
D:4:      layout_loops_ring, regret_index_temple_of_mockery,
          lemuel_crystal_altar, kennysheep_mini_moat, sigmund_army,
          uniq_menkaure, uniq_edmund, uniq_grinder
D:5:      layout_basic, gammafunk_temple_overflow_elements,
          minmay_temple_entry_tees, hangedman_decor_diamond_cutter
D:6:      layout_basic, fedhas_altar_3, ashenzari_conservatory_becter,
          elyvilon_altar_1
D:7:      layout_basic, uniq_prince_ribbit1
D:8:      layout_basic
D:9:      layout_cave_pools, okawaru_gym_becter, lemuel_coloured_pillars_altar,
          serial_ice, serial_ice_k, serial_ice_a, serial_ice_n, serial_ice_c,
          serial_ice_b, serial_shops, shop
D:10:     layout_cave_pools, grunt_lair_entry_orc_guard_hut, special_room
          [special_room_orc], serial_shops, shop, grunt_tengu_nest
D:11:     layout_long_grid

Skill      XL: |  1  2  3  4  5  6  7  8  9 10 |
---------------+-------------------------------+-----
Conjurations   | 1 2 3 4 |  4.3
Fighting       | 1 2 3 4 5 7 |  7.6
Maces & Flails | 1 |  1.2
Summonings     | 1 2 3 4 |  4.2
Translocations | 1 2 |  2.0
Spellcasting   | 5 6 7 8 |  8.1
Poison Magic   | 2 |  2.0
Air Magic      | 2 3 |  3.9
Staves         | 1 4 |  4.0
Evocations     | 3 4 |  4.0
Dodging        | |  1.5
Stealth        | |  1.5

Action                   |  1- 3 |  4- 6 |  7- 9 | 10-12 || total
-------------------------+-------+-------+-------+-------++-------
Melee: Whip              |    37 |    70 |    41 |       ||   148
       Staff             |       |       |   160 |    25 ||   185
 Cast: Magic Dart        |    67 |    58 |   212 |    80 ||   417
       Call Imp          |     5 |    23 |   185 |    37 ||   250
       Mephitic Cloud    |       |     4 |    21 |     4 ||    29
       Blink             |       |     1 |     2 |     2 ||     5
       Stone Arrow       |       |       |    39 |    36 ||    75
Invok: Call Merchant     |       |       |     1 |       ||     1
Evoke: Wand              |       |       |     1 |       ||     1
  Use: Scroll            |     3 |     4 |     7 |     3 ||    17
 Stab: Distracted        |       |     1 |     4 |     1 ||     6
       Confused          |       |     1 |     1 |       ||     2
Armor: Robe              |    14 |    11 |    90 |    15 ||   130
Dodge: Dodged            |    27 |    54 |   184 |    29 ||   294
